 Dungeon Crawl Stone Soup version 0.28-a0-674-gdaf460b524 (webtiles) character file.

Game seed: 15182493593655834920

1213 andesha the Basher (level 8, 0/73 HPs)
             Began as a Minotaur Berserker on Oct 18, 2021.
             Was a Priest of Trog.
             Slain by Duvessa (11 damage)
             ... on level 6 of the Dungeon.
             The game lasted 00:09:24 (3190 turns).

andesha the Basher (Minotaur Berserker)             Turns: 3190, Time: 00:09:25

Health: 0/73       AC: 16    Str: 23    XL:     8   Next: 22%
Magic:  7/7        EV:  8    Int:  4    God:    Trog [***...]
Gold:   272        SH:  0    Dex: 17    Spells: 7/7 levels left

rFire   . . .      SeeInvis .   i - +3 flail
rCold   . . .      Faith    .   (no shield)
rNeg    . . .      Spirit   .   j - +2 plate armour
rPois   .          Reflect  .   (helmet restricted)
rElec   .          Harm     .   (no cloak)
rCorr   .          Rampage  .   (no gloves)
Will    .....                   e - +0 pair of boots
Stlth   ..........              f - amulet of regeneration
HPRegen 1.22/turn               q - +6 ring of dexterity
MPRegen 0.10/turn               (no ring)

@: lit by a corona, glowing
A: horns 2, retaliatory headbutt
a: Renounce Religion, Berserk, Trog's Hand


You were on level 6 of the Dungeon.
You worshipped Trog.
Trog was most pleased with you.
You visited 1 branch of the dungeon, and saw 6 of its levels.

You collected 272 gold pieces.

Inventory:

Hand Weapons
 i - a +3 flail (weapon)
Missiles
 n - a throwing net (quivered)
Armour
 e - a +0 pair of boots (worn)
 j - a +2 plate armour (worn)
Jewellery
 f - an amulet of regeneration (around neck)
 q - a +6 ring of dexterity (left hand)
Wands
 m - a wand of polymorph (8)
Scrolls
 c - a scroll of vulnerability {unknown}
 o - a scroll of magic mapping
Potions
 a - a potion of brilliance {unknown}
 b - a potion of might {unknown}
 d - 2 potions of ambrosia
 g - a potion of berserk rage {unknown}
 h - a potion of lignification {unknown}
 k - a potion of curing {unknown}
 l - a potion of mutation {unknown}
 p - a potion of resistance {unknown}


   Skills:
 * Level 7.5 Fighting
 + Level 8.6 Maces & Flails
 + Level 6.3 Armour
 + Level 2.3 Dodging
 + Level 0.1 Stealth


You had 7 spell levels left.
You didn't know any spells.
Your spell library contained the following spells:

 Spells                   Type           Power      Damage    Failure   Level
 Conjure Flame            Conj/Fire      0%         6-21      100%        3
 Ignite Poison            Fire/Tmut/Pois 0%         N/A       100%        3
 Sticky Flame             Conj/Fire      0%         2d3       100%        4
 Summon Ice Beast         Ice/Summ       0%         N/A       100%        4
 Summon Mana Viper        Hex/Summ       0%         N/A       100%        5
 Monstrous Menagerie      Summ           0%         N/A       100%        7


Dungeon Overview and Level Annotations

Branches:
Dungeon (6/15)             Temple (0/1) D:5

Altars:
Xom

Annotations:
D:6 Duvessa


Innate Abilities, Weirdness & Mutations

You have a pair of horns on your head.
You reflexively headbutt those who attack you in melee.


Message History

You sock Duvessa!
Duvessa is lightly wounded.
Duvessa closely misses you. You furiously retaliate!
You headbutt Duvessa.
Duvessa hits you with a +2 short sword of speed!
You are too injured to fight recklessly!
You are too injured to fight recklessly!
You are too injured to fight recklessly!
You are too injured to fight recklessly!
Hit: i) +3 flail
Press: ? - help, Dir - move target, f - Duvessa
Aim: Duvessa, wielding a +2 short sword of speed and wearing a +0 scale mail (moderately wounded, berserk, about 27% to evade your +3 flail)
You barely miss Duvessa. You headbutt Duvessa.
Duvessa is moderately wounded.
Duvessa barely misses you. You furiously retaliate!
You headbutt Duvessa. Duvessa hits you but does no damage.
Hit: i) +3 flail
Press: ? - help, Dir - move target, f/p - Duvessa
Aim: Duvessa, wielding a +2 short sword of speed and wearing a +0 scale mail (heavily wounded, berserk, about 26% to evade your +3 flail)
You hit Duvessa but do no damage. You headbutt Duvessa!
Duvessa is heavily wounded.
Duvessa barely misses you. You furiously retaliate!
You headbutt Duvessa.
Duvessa hits you with a +2 short sword of speed.
Duvessa hits you with a +2 short sword of speed!
* * * LOW HITPOINT WARNING * * *
Hit: i) +3 flail
Press: ? - help, Dir - move target, f/p - Duvessa
Aim: Duvessa, wielding a +2 short sword of speed and wearing a +0 scale mail (severely wounded, berserk, about 26% to evade your +3 flail)
You thump Duvessa!
Duvessa is severely wounded.
Duvessa hits you with a +2 short sword of speed.
* * * LOW HITPOINT WARNING * * *
Duvessa hits you with a +2 short sword of speed.
* * * LOW HITPOINT WARNING * * *
Hit: i) +3 flail
Press: ? - help, Dir - move target, f/p - Duvessa
Aim: Duvessa, wielding a +2 short sword of speed and wearing a +0 scale mail (severely wounded, berserk, about 28% to evade your +3 flail)
You hit Duvessa but do no damage. You headbutt Duvessa!
Duvessa is almost dead.
Duvessa hits you with a +2 short sword of speed!
You die...

.#
#.#.#.##
.#
#.#.#..#
.#
..#.##.##
.#
###.##..#
.#
#.###.##
# #..#
##.##
#..# ##@#
#)e# ##.#
.. ...
#... ....
.....


You could see Duvessa (berserk).

Vanquished Creatures
  A necrophage (D:5)
  A phantom (D:4)
  A centaur (D:6)
  An ogre (D:5)
  A bullfrog (D:4)
  A wyvern skeleton (D:4)
  Dowan (D:6)
  5 wights (D:4)
  A bullfrog zombie (D:5)
  A centaur zombie (D:5)
  2 hounds
  2 gnoll shamans
  2 iguanas (D:4)
  A hound zombie (D:5)
  A howler monkey zombie (D:6)
  12 gnolls
  5 adders
  A white imp (D:5)
  An ufetubus (D:5)
  A worm (D:3)
  4 dart slugs
  8 orcs
  2 ball pythons
  5 endoplasms
  2 giant cockroaches (D:2)
  5 goblins
  5 hobgoblins
  11 jackals
  4 quokkas
  3 bats
  4 frilled lizards
  5 kobolds
  6 rats
106 creatures vanquished.

Notes
Turn   | Place    | Note
-------+----------+-------------------------------------------
     0 | D:1      | andesha the Minotaur Berserker began the quest for the Orb.
     0 | D:1      | Reached XP level 1. HP: 19/19 MP: 0/0
   274 | D:1      | Reached XP level 2. HP: 27/27 MP: 1/1
   286 | D:1      | Reached skill level 4 in Maces & Flails
   806 | D:1      | Reached XP level 3. HP: 34/34 MP: 2/2
  1034 | D:2      | Reached ** piety under Trog
  1117 | D:2      | Found a shimmering altar of Xom.
  1423 | D:3      | Reached XP level 4. HP: 41/41 MP: 3/3
  1494 | D:3      | Reached skill level 5 in Fighting
  1864 | D:4      | Noticed a bullfrog
  1871 | D:4      | Killed a bullfrog
  1872 | D:4      | Reached skill level 5 in Maces & Flails
  1872 | D:4      | Reached XP level 5. HP: 48/48 MP: 4/4
  1925 | D:4      | Reached XP level 6. HP: 46/56 MP: 5/5
  1943 | D:4      | Reached skill level 6 in Maces & Flails
  1948 | D:4      | Reached *** piety under Trog
  1949 | D:4      | Reached skill level 5 in Armour
  2004 | D:4      | Reached XP level 7. HP: 52/62 MP: 6/6
  2296 | D:4      | Reached skill level 7 in Maces & Flails
  2695 | D:5      | Entered Level 5 of the Dungeon
  2784 | D:5      | Found a staircase to the Ecumenical Temple.
  2884 | D:5      | Identified the +8 falchion of Divine Cruel Justice {flame,
                  | rPois Str+3}
  3107 | D:6      | Reached skill level 8 in Maces & Flails
  3107 | D:6      | Reached XP level 8. HP: 71/73 MP: 7/7
  3171 | D:6      | Noticed Dowan
  3174 | D:6      | Noticed Duvessa
  3184 | D:6      | Killed Dowan
  3190 | D:6      | Slain by Duvessa

Illustrated notes

Levels and vault maps discovered:
D:1:      lightli_molten_gateway, layout_loops_ring, dk_noncrumbling_3,
          chequers_serial_rivers_micro_e
D:2:      layout_basic, basic_altar, minmay_between
D:3:      layout_rooms
D:4:      layout_cave_pods
D:5:      layout_basic, minmay_temple_entry_water_ring,
          chequers_decorated_corner
D:6:      gammafunk_steamed_eel, layout_basic, minmay_misc_feat_hallway,
          uniq_duvessa

Skill      XL: |  1  2  3  4  5  6  7 |
---------------+----------------------+-----
Fighting       | 4 5 7 |  7.5
Maces & Flails | 4 5 6 8 |  8.6
Armour         | 3 4 5 6 |  6.3
Dodging        | |  2.3
Stealth        | |  0.1

Action                   |  1- 3 |  4- 6 |  7- 9 || total
-------------------------+-------+-------+-------++-------
Melee: Mace              |    88 |    58 |       ||   146
       Headbutt          |    11 |    13 |    20 ||    44
       Flail             |       |     6 |    95 ||   101
Invok: Berserk           |     1 |     3 |     1 ||     5
  Use: Scroll            |       |     3 |     4 ||     7
Armor: Ring mail         |    13 |       |       ||    13
       Plate armour      |    40 |    43 |    69 ||   152
Dodge: Dodged            |    38 |    24 |    37 ||    99

Table legend: (Time is in decaauts)
 A = Elapsed time spent in this place.
 B = Non-inter-level travel time spent in this place.
 C = Inter-level travel time spent in this place.
 D = Time resting spent in this place.
 E = Time spent auto-exploring this place.
 F = Levels seen in this place.
 G = Mean time per level.
                   A        B        C        D        E       F      G
               +--------+--------+--------+--------+--------+-----+--------+
         Total |   3257 |   3171 |     86 |    160 |   2270 |   6 |  542.8 |
       Dungeon |   3257 |   3171 |     86 |    160 |   2270 |   6 |  542.8 |
               +--------+--------+--------+--------+--------+-----+--------+

Top non-repeatable levels by time:
     D:1: 1028 daAuts
     D:4: 854 daAuts
     D:3: 511 daAuts
     D:5: 418 daAuts
     D:2: 356 daAuts
     D:6: 89 daAuts
